 Dungeon Sprint DCSS version 0.30-a0-867-g305f33218d (webtiles) character file.

Game seed: 17835147382892709666

667 dialectric the Protected (level 7, -1/48 HPs)
             Began as a Gargoyle Fighter on Mar 10, 2023.
             Slain by a boulder beetle (12 damage)
             ... in the Dungeon (Sprint II: "The Violet Keep of Menkaure").
             The game lasted 00:00:41 (74 turns).

dialectric the Protected (Gargoyle Fighter)           Turns: 74, Time: 00:00:42

Health: -1/48      AC: 13    Str: 19    XL:     7   Next: 57%
Magic:  7/7        EV: 11    Int:  9    God:
Gold:   243        SH:  0    Dex: 11    Spells: 6/6 levels left

rFire   . . .      SeeInvis .    a - +0 long sword
rCold   . . .      Faith    .    (no shield)
rNeg    + . .      Spirit   .    b - +0 scale mail
rPois   ∞          Reflect  .    (no helmet)
rElec   +          Rampage  .    (no cloak)
rCorr   .          NoTele   +    (no gloves)
Will    .....                    (no boots) Stlth
                                 (no amulet)
HPRegen 0.28/turn                (no ring)
MPRegen 0.10/turn                (no ring)

@: mighty
A: sickness immunity, AC +4, negative energy resistance 1, electricity
resistance, torment resistance 1, petrification resistance
a: no special abilities


You were in the Dungeon.
You visited 1 branch You collected 243 gold pieces.

Inventory:

Hand Weapons
 a - a +0 long sword (weapon)
Armour
 b - a +0 scale mail (worn)
 c - a +0 buckler
Scrolls
 j - a scroll of blinking
Potions
 e - a potion of curing
 f - a potion of heal wounds
 g - a potion of haste
 h - 2 potions of magic


   Skills:
 - Level 7.1 Fighting
 * Level 7.7 Long Blades
 + Level 10.9 Armour
 * Level 5.1 Dodging
 - Level 6.6 Shields


You had 6 spell levels left.
You didn't know any spells.
Your spell library was empty.

Dungeon Overview and Level Annotations

Branches:
Dungeon (1/1)

Altars:

Shops:
D (:*[=*!(


Innate Abilities, Weirdness & Mutations

You are immune to sickness and miasma.
Your stone body is resilient. (AC +4)
You are immune to poison.
You resist negative energy. (rN+)
You are resistant to electric shocks. (rElec)
You are resistant to unholy torment.
You are immune to petrification.


Message History

You close the door.
The boulder beetle bites you but does no damage.
The boulder beetle leaps!
You open the door. 2 scorpions come into view.
The boulder beetle leaps!
Found 243 gold pieces.
You closely miss the scorpion.
The scorpion stings you but does no damage.
The scorpion attacks as you move away!
The scorpion stings you but does no damage.
There is an open door, spattered with blood here.
You barely miss the scorpion. You punch the scorpion.
The scorpion is lightly wounded.
The scorpion stings you but does no damage.
The scorpion stings you.
You slash the scorpion!
The scorpion is almost dead.
The scorpion closely misses you.
You barely miss the scorpion.
The scorpion is almost dead.
The scorpion barely misses you.
You slash the scorpion!
You kill the scorpion!
You slash the scorpion!
The scorpion is almost dead.
The scorpion stings you but does no damage.
You slash the scorpion!
You kill the scorpion!
Your Dodging skill increases to level 5!
You hit the boulder beetle but do no damage.
The boulder beetle bites you!
* * * LOW HITPOINT WARNING * * *
You hit the boulder beetle but do no damage.
The boulder beetle bites you.
* * * LOW HITPOINT WARNING * * *
You slash the boulder beetle!
The boulder beetle is lightly wounded.
The boulder beetle bites you!
You die...

######~ .....#~
∩....#~ ## .∩...#~
#. ∩.∩..#~ ### ##. #
.∩.⌠.#~##.# #+# .##
∩.∩..#~#.#.##.##B.$#
+~'###@B<.+#
∩....#~#.#.##.##...#
▓▓▓###~##.###'# .##
######~ ### #B# # ##
.#. . . ## ##


You could see a boulder beetle.

Vanquished Creatures
  2 wyverns (D)
  2 neqoxecs (D)
  2 scorpions (D)
6 creatures vanquished.

Notes
Turn   | Place    | Note
-------+----------+-------------------------------------------
     0 | D        | dialectric the Gargoyle Fighter began the quest for the
                  | Orb.
     0 | D        | Reached XP level 1. HP: 14/14 MP: 1/1
     8 | D        | Noticed a wyvern
     8 | D        | Noticed a wyvern
    14 | D        | Killed a wyvern
    15 | D        | Reached skill level 7 in Armour
    15 | D        | Reached XP level 2. HP: 24/24 MP: 2/2
    15 | D        | Reached XP level 3. HP: 28/28 MP: 3/3
    15 | D        | Reached XP level 4. HP: 34/34 MP: 4/4
    15 | D        | Reached XP level 5. HP: 38/38 MP: 5/5
    18 | D        | Killed a wyvern
    19 | D        | Reached skill level 5 in Long Blades
    19 | D        | Reached skill level 9 in Armour
    19 | D        | Reached XP level 6. HP: 31/44 MP: 6/6
    28 | D        | Found Ytig Una's Assorted Antiques.
    28 | D        | Found Qoydd's Distillery.
    28 | D        | Found Kuxzyk's Jewellery Shop.
    29 | D        | Found Gefakan's Weapon Shop.
    29 | D        | Found Wibut's Antique Armour Shop.
    29 | D        | Found Baom's Assorted Antiques.
    29 | D        | Found Gasutt's Book Shop.
    29 | D        | Found Muaxoull's Antique Weapon Boutique.
    39 | D        | Noticed a neqoxec
    39 | D        | Noticed a neqoxec
    47 | D        | Killed a neqoxec
    48 | D        | Reached skill level 10 in Armour
    56 | D        | Killed a neqoxec
    57 | D        | Reached XP level 7. HP: 22/48 MP: 7/7
    59 | D        | Noticed a boulder beetle
    59 | D        | Noticed a boulder beetle
    72 | D        | Reached skill level 5 in Dodging
    74 | D        | Slain by a boulder beetle

Illustrated notes

Levels and vault maps discovered:
D:        the_violet_keep_of_menkaure [sprint2_stairs_cluster_1,
          sprint2_shoproom, sprint2_temple, sprint2_basic_supplies,
          sprint2_obstacle_6, sprint2_obstacle_2, sprint2_obstacle_1,
          sprint2_obstacle_3, sprint2_obstacle_4, sprint2_timed_cluster_1,
          sprint2_smallroom_cluster_1, sprint2_smallroom_final_cluster_1,
          sprint2_transparent_cluster_1, sprint2_second_timed_cluster_1,
          sprint2_sniper_area_1, sprint2_heavy_combat_area_1,
          sprint2_mutation_trap_area_1, sprint2_forest_area_1,
          sprint2_light_combat_area_1, sprint2_behind_water_1,
          sprint2_near_end_vault_1]

Skill      XL: |  1  2  3  4  5  6  7 |
---------------+----------------------+-----
Fighting       | 7 |  7.1
Long Blades    | 3 5 7 |  7.7
Armour         | 7 9 10 | 10.9
Shields        | 6 |  6.6
Dodging        | 3 4 5 |  5.1

Action                     |  1- 3 |  4- 6 |  7- 9 || total
---------------------------+-------+-------+-------++-------
  Melee: Long sword        |     5 |    20 |    10 ||    35
         Punch             |       |     2 |     1 ||     3
    Use: Potion            |     1 |     1 |       ||     2
 Armour: Scale mail        |     2 |     9 |     5 ||    16
  Dodge: Dodged            |     2 |     8 |     2 ||    12

Table legend: (Time is in decaauts)
 A = Elapsed time spent in this place.
 B = Non-inter-level travel time spent in this place.
 C = Inter-level travel time spent in this place.
 D = Time resting spent in this place.
 E = Time spent auto-exploring this place.
 F = Levels seen in this place.
 G = Mean time per level.
                   A        B        C        D        E       F      G
               +--------+--------+--------+--------+--------+-----+--------+
         Total |     87 |     87 |      0 |      0 |      0 |   1 |   87.0 |
       Dungeon |     87 |     87 |      0 |      0 |      0 |   1 |   87.0 |
               +--------+--------+--------+--------+--------+-----+--------+

Top non-repeatable levels by time:
       D: 87 daAuts
